[Event "World Senior chT-65 2019"]
[Site "Rhodes"]
[Date "2019.04.16"]
[Round "1.35"]
[White "Alkkiomaki, Jyrki"]
[Black "Singer, Hans"]
[Result "0-1"]
[ECO "A35"]
[WhiteElo "1908"]
[BlackElo "2195"]
[Annotator "NA"]
[PlyCount "96"]
[EventDate "2019.04.16"]
[EventType "team-tourn"]
[EventCountry "GRE"]
[SourceTitle "playchess.com"]
[Source "ChessBase"]
[SourceQuality "1"]
[WhiteTeam "Finland"]
[BlackTeam "Austria"]
[WhiteTeamCountry "FIN"]
[BlackTeamCountry "AUT"]
[TimeControl "40/5400+30:1800+30"]

1. e4 c6 2. d4 d5 3. exd5 cxd5 4. c4 Nf6 5. Nc3 Nc6 6. Nf3 g6 7. cxd5 Nxd5 8. Qb3 Nxc3 9. bxc3 Bg7 10. Bb5 O-O 11. Bxc6 bxc6 12. O-O Qc7 13. Ba3 Be6 14. Qb4 Rfe8 15. Rfe1 Rab8 16. Qa4 Rb5 17. Qc2 Bg4 18. Qe4 Bxf3 19. Qxf3 e6 20. Bc5 Reb8 21. Rad1 h5 22. Qd3 Rd8 23. Qc4 Qb7 24. Qa4 Bf8 25. Bxf8 Kxf8 26. Qc4 Kg7 27. Qe2 Qc7 28. Qc2 Rbd5 29. g3 Qd6 30. Rb1 c5 31. Rb7 cxd4 32. cxd4 a5 33. Qc7 Qxc7 34. Rxc7 R8d7 35. Rxd7 Rxd7 36. Re5 a4 37. Kf1 Rxd4 38. Ra5 Rc4 39. a3 Kf6 40. Ke2 e5 41. h3 h4 42. g4 Rc3 43. Rxa4 Rxh3 44. f3 Rh2+ 45. Kf1 Kg5 46. Re4 f6 47. a4 Ra2 48. Kg1 h3 0-1

[Event "World Senior chT-65 2019"]
[Site "Rhodes"]
[Date "2019.04.16"]
[Round "1.36"]
[White "Ager, Josef"]
[Black "Kauko, Pekka"]
[Result "1-0"]
[ECO "E01"]
[WhiteElo "2122"]
[BlackElo "1902"]
[Annotator "NA"]
[PlyCount "93"]
[EventDate "2019.04.16"]
[EventType "team-tourn"]
[EventCountry "GRE"]
[SourceTitle "playchess.com"]
[Source "ChessBase"]
[SourceQuality "1"]
[WhiteTeam "Austria"]
[BlackTeam "Finland"]
[WhiteTeamCountry "AUT"]
[BlackTeamCountry "FIN"]
[TimeControl "40/5400+30:1800+30"]

1. Nf3 d5 2. g3 c5 3. Bg2 Nf6 4. O-O Nc6 5. d4 e6 6. c4 a6 7. cxd5 exd5 8. Nc3 Be7 9. dxc5 Bxc5 10. Bg5 d4 11. Na4 Be7 12. Rc1 O-O 13. Nc5 h6 14. Bf4 Qb6 15. Nb3 Rd8 16. Ne5 Bd7 17. Nc4 Qb5 18. Nxd4 Nxd4 19. Qxd4 Be6 20. Qc3 Rac8 21. b3 Nd5 22. Bxd5 Qxd5 23. Nb6 Rxc3 24. Nxd5 Rxc1 25. Nxe7+ Kf8 26. Ng6+ fxg6 27. Rxc1 Rd7 28. f3 Bd5 29. h4 Bc6 30. Kf2 Kf7 31. e4 Ke6 32. Ke3 Rd8 33. g4 Rf8 34. Rd1 Rh8 35. Rd6+ Kf7 36. Be5 Rc8 37. f4 g5 38. hxg5 hxg5 39. f5 Rh8 40. Rg6 Rh1 41. Rxg7+ Kf8 42. f6 Re1+ 43. Kf2 Rd1 44. Ke3 Rd7 45. Rxg5 Kf7 46. Bd4 Ke6 47. Rh5 {[%emt 0:00:19] Kd5 [%emt 00:00:41]} 1-0

[Event "World Senior chT-65 2019"]
[Site "Rhodes"]
[Date "2019.04.16"]
[Round "1.37"]
[White "Gudmundsson, Kristjan"]
[Black "Morriss, Pete"]
[Result "1/2-1/2"]
[ECO "B10"]
[WhiteElo "2268"]
[BlackElo "1968"]
[Annotator "NA"]
[PlyCount "20"]
[EventDate "2019.04.16"]
[EventType "team-tourn"]
[EventCountry "GRE"]
[SourceTitle "playchess.com"]
[Source "ChessBase"]
[SourceQuality "1"]
[WhiteTeam "Iceland"]
[BlackTeam "Ireland"]
[WhiteTeamCountry "ISL"]
[BlackTeamCountry "IRL"]
[TimeControl "40/5400+30:1800+30"]

1. e4 c6 2. d3 d5 3. Nd2 dxe4 4. dxe4 e5 5. Ngf3 Bg4 6. h3 Bxf3 7. Qxf3 Nf6 8. Bc4 Nbd7 9. O-O Be7 10. Re1 O-O 1/2-1/2

[Event "World Senior chT-65 2019"]
[Site "Rhodes"]
[Date "2019.04.16"]
[Round "1.38"]
[White "Carlile, Orison"]
[Black "Viglundsson, Bjorgvin"]
[Result "0-1"]
[ECO "B20"]
[WhiteElo "2037"]
[BlackElo "2170"]
[Annotator "NA"]
[PlyCount "111"]
[EventDate "2019.04.16"]
[EventType "team-tourn"]
[EventCountry "GRE"]
[SourceTitle "playchess.com"]
[Source "ChessBase"]
[SourceQuality "1"]
[WhiteTeam "Ireland"]
[BlackTeam "Iceland"]
[WhiteTeamCountry "IRL"]
[BlackTeamCountry "ISL"]
[TimeControl "40/5400+30:1800+30"]

1. e4 c5 2. a3 b6 3. b4 Bb7 4. Nc3 Nc6 5. Rb1 d6 6. Nf3 e6 7. bxc5 dxc5 8. Bc4 Nf6 9. d3 Be7 10. O-O O-O 11. Bb2 a6 12. a4 Nd7 13. Nd2 Nd4 14. Ne2 Ne5 15. Bxd4 cxd4 16. Bb3 Bc6 17. Ng3 Kh8 18. f4 Nd7 19. f5 Nc5 20. Qg4 Nxb3 21. cxb3 Bd7 22. Nh5 Rg8 23. Nc4 exf5 24. exf5 f6 25. Nf4 g6 26. Qe2 b5 27. Nb6 Qxb6 28. Qxe7 Bxf5 29. Nd5 Qd8 30. Qxf6+ Qxf6 31. Nxf6 Bxd3 32. Nxg8 Kxg8 33. Rbd1 Bxf1 34. Kxf1 Rd8 35. Ke2 Kf7 36. Kd3 Ke6 37. axb5 axb5 38. Re1+ Kd5 39. Re7 h5 40. h4 Rd6 41. Re8 Kc5 42. Re4 Kb4 43. Re5 Rb6 44. Kxd4 Kxb3 45. Kc5 Rb8 46. Re1 b4 47. Re3+ Ka2 48. Re2+ Ka3 49. Re6 b3 50. Ra6+ Kb2 51. Rf6 Kc2 52. Rf2+ Kd3 53. Rb2 Kc3 54. Rf2 b2 55. Rf3+ Kd2 56. Kd4 0-1

[Event "World Senior chT-65 2019"]
[Site "Rhodes"]
[Date "2019.04.16"]
[Round "1.39"]
[White "Halldorsson, Bragi"]
[Black "Murray, Jim G."]
[Result "1-0"]
[ECO "D94"]
[WhiteElo "2112"]
[BlackElo "1845"]
[Annotator "NA"]
[PlyCount "123"]
[EventDate "2019.04.16"]
[EventType "team-tourn"]
[EventCountry "GRE"]
[SourceTitle "playchess.com"]
[Source "ChessBase"]
[SourceQuality "1"]
[WhiteTeam "Iceland"]
[BlackTeam "Ireland"]
[WhiteTeamCountry "ISL"]
[BlackTeamCountry "IRL"]
[TimeControl "40/5400+30:1800+30"]

1. d4 Nf6 2. c4 g6 3. Nc3 d5 4. e3 Bg7 5. Nf3 O-O 6. b4 a5 7. b5 dxc4 8. Bxc4 c5 9. bxc6 Nxc6 10. a4 Bg4 11. Ba3 Rc8 12. Nb5 Nd5 13. Qb3 Bxf3 14. gxf3 Ndb4 15. f4 Qd7 16. Rc1 Na6 17. Bd5 Nab4 18. Bg2 Qf5 19. O-O Rfd8 20. Rc5 Qd7 21. d5 Nb8 22. Bxb4 axb4 23. Rxc8 Rxc8 24. Qxb4 Na6 25. Qa3 Bf8 26. Qa2 Nc7 27. Nc3 Na6 28. Ne4 Nc5 29. Nxc5 Rxc5 30. Rb1 Ra5 31. Qb3 Rxa4 32. Bh3 Qe8 33. Qxb7 Qa8 34. Bd7 Qxb7 35. Rxb7 Ra1+ 36. Kg2 Rd1 37. Bc6 Rc1 38. e4 Rc4 39. f3 Rc2+ 40. Kg3 h5 41. h3 Rc3 42. h4 Rc2 43. Bd7 Rd2 44. Bc6 Rd4 45. Ra7 Rd2 46. Bd7 Bg7 47. Ra8+ Bf8 48. f5 gxf5 49. Bxf5 Kg7 50. Kf4 Rg2 51. e5 Rg1 52. Rd8 Rd1 53. Kg5 e6 54. Rxf8 Kxf8 55. dxe6 fxe6 56. Bxe6 Ke7 57. Bf5 Rf1 58. f4 Rf2 59. Bg6 Ke6 60. Bxh5 Kd5 61. Bf7+ Ke4 62. e6 1-0

[Event "World Senior chT-65 2019"]
[Site "Rhodes"]
[Date "2019.04.16"]
[Round "1.40"]
[White "Gibson, John F."]
[Black "Kristinsson, Jon"]
[Result "1/2-1/2"]
[ECO "A25"]
[WhiteElo "1818"]
[BlackElo "2094"]
[Annotator "NA"]
[PlyCount "51"]
[EventDate "2019.04.16"]
[EventType "team-tourn"]
[EventCountry "GRE"]
[SourceTitle "playchess.com"]
[Source "ChessBase"]
[SourceQuality "1"]
[WhiteTeam "Ireland"]
[BlackTeam "Iceland"]
[WhiteTeamCountry "IRL"]
[BlackTeamCountry "ISL"]
[TimeControl "40/5400+30:1800+30"]

1. c4 e5 2. Nc3 Nf6 3. g3 Bb4 4. Bg2 O-O 5. e4 d6 6. Nge2 Bg4 7. O-O Nc6 8. a3 Bxc3 9. bxc3 Qd7 10. Rb1 b6 11. d3 Bh3 12. f4 Ne7 13. f5 Bxg2 14. Kxg2 c6 15. Bg5 d5 16. Bxf6 gxf6 17. d4 Rad8 18. dxe5 fxe5 19. f6 Ng6 20. Qd2 Kh8 21. Qh6 Rg8 22. Rf5 Nf8 23. Rxe5 dxe4 24. Qe3 Rg6 25. Rf1 Ne6 26. Rxe4 1/2-1/2

[Event "World Senior chT-65 2019"]
[Site "Rhodes"]
[Date "2019.04.16"]
[Round "1.42"]
[White "Beltz, Robert"]
[Black "Myagmarsuren, Begz"]
[Result "0-1"]
[ECO "A30"]
[WhiteElo "2158"]
[BlackElo "1911"]
[Annotator "NA"]
[PlyCount "38"]
[EventDate "2019.04.16"]
[EventType "team-tourn"]
[EventCountry "GRE"]
[SourceTitle "playchess.com"]
[Source "ChessBase"]
[SourceQuality "1"]
[WhiteTeam "Germany"]
[BlackTeam "Mongolia"]
[WhiteTeamCountry "GER"]
[BlackTeamCountry "MGL"]
[TimeControl "40/5400+30:1800+30"]

1. Nf3 c5 2. c4 Nc6 3. d4 cxd4 4. Nxd4 Ne5 5. e4 e6 6. Nc3 Nf6 7. Be2 Bb4 8. f4 Nxe4 9. Qc2 Qh4+ 10. g3 Nxg3 11. Be3 Nxh1+ 12. Kd2 Ng4 13. Rxh1 Nxe3 14. Kxe3 O-O 15. Ne4 d5 16. Nf3 Qe7 17. Neg5 g6 18. Kf2 h6 19. Nh3 e5 0-1

[Event "World Senior chT-65 2019"]
[Site "Rhodes"]
[Date "2019.04.16"]
[Round "1.43"]
[White "Serjmyadag, Damdin"]
[Black "Just, Joachim"]
[Result "0-1"]
[ECO "B30"]
[WhiteElo "1895"]
[BlackElo "1970"]
[Annotator "NA"]
[PlyCount "140"]
[EventDate "2019.04.16"]
[EventType "team-tourn"]
[EventCountry "GRE"]
[SourceTitle "playchess.com"]
[Source "ChessBase"]
[SourceQuality "1"]
[WhiteTeam "Mongolia"]
[BlackTeam "Germany"]
[WhiteTeamCountry "MGL"]
[BlackTeamCountry "GER"]
[TimeControl "40/5400+30:1800+30"]

1. e4 c5 2. Nf3 Nc6 3. Bc4 g6 4. c3 Nf6 5. e5 Ng4 6. d4 d5 7. Be2 cxd4 8. cxd4 Bg7 9. Nc3 O-O 10. O-O e6 11. Ng5 Nh6 12. f4 f6 13. Nf3 fxe5 14. fxe5 Nf5 15. g4 Nh4 16. Be3 Bd7 17. Kh1 Nxf3 18. Bxf3 Qb6 19. Qd2 Rad8 20. Rad1 Na5 21. b3 Qb4 22. Nxd5 Qxd2 23. Bxd2 Nc6 24. Nf6+ Bxf6 25. exf6 Nxd4 26. Bxb7 Bb5 27. Rf2 Be2 28. Re1 Bxg4 29. Bb4 Rf7 30. Bg2 Bf5 31. Bc3 Nc2 32. Ree2 Rd1+ 33. Rf1 Rfd7 34. Ref2 Ne3 35. Kg1 Nxf1 36. Rxf1 Rxf1+ 37. Kxf1 Kf7 38. h4 Rd3 39. Be5 Rd1+ 40. Ke2 Bg4+ 41. Ke3 Re1+ 42. Kf4 Bf5 43. Bf3 h6 44. Bd4 a6 45. Kg3 g5 46. hxg5 hxg5 47. Kf2 Rc1 48. Bh5+ Bg6 49. Be2 Rc2 50. Ke3 Rxa2 51. Bc4 a5 52. Be5 a4 53. b4 Rc2 54. Kd4 a3 55. Bb3 a2 56. Ke3 Rc1 57. Bxa2 Re1+ 58. Kd4 Re4+ 59. Kc5 Rxe5+ 60. Kd6 Re2 61. Bc4 Rd2+ 62. Ke5 Bf5 63. b5 Rb2 64. Bf1 Rb4 65. Kd6 g4 66. Kc5 Rb1 67. Bg2 e5 68. b6 e4 69. Kc6 e3 70. Kc7 e2 0-1

[Event "World Senior chT-65 2019"]
[Site "Rhodes"]
[Date "2019.04.16"]
[Round "1.44"]
[White "Baumbach, Friedrich"]
[Black "Bujinlkham, Purevdorj"]
[Result "1/2-1/2"]
[ECO "D03"]
[WhiteElo "2089"]
[BlackElo "1786"]
[Annotator "NA"]
[PlyCount "165"]
[EventDate "2019.04.16"]
[EventType "team-tourn"]
[EventCountry "GRE"]
[SourceTitle "playchess.com"]
[Source "ChessBase"]
[SourceQuality "1"]
[WhiteTeam "Germany"]
[BlackTeam "Mongolia"]
[WhiteTeamCountry "GER"]
[BlackTeamCountry "MGL"]
[TimeControl "40/5400+30:1800+30"]

1. d4 d5 2. Nf3 Nf6 3. Bg5 e6 4. Nbd2 Be7 5. e3 O-O 6. Bd3 b6 7. Ne5 Bb7 8. Bxf6 Bxf6 9. f4 c5 10. c3 Nd7 11. O-O g6 12. Qg4 Bg7 13. h4 f5 14. Qh3 Nxe5 15. fxe5 Qe7 16. g4 Rf7 17. gxf5 gxf5 18. Kh2 Kh8 19. Rg1 Bh6 20. Be2 Rg8 21. Rxg8+ Kxg8 22. Rg1+ Rg7 23. Rxg7+ Qxg7 24. Nf1 Bc8 25. Qf3 Bd7 26. Qh5 Qg6 27. Qf3 Qf7 28. Kh3 Be8 29. Qg2+ Kh8 30. Qf3 Qf8 31. Bd3 c4 32. Be2 b5 33. Bd1 b4 34. cxb4 Qxb4 35. Qe2 c3 36. bxc3 Qxc3 37. Bb3 Qb4 38. Qf3 Qb6 39. Ng3 Qd8 40. Ne2 Bf7 41. Nf4 Qe8 42. Bd1 Qg8 43. Qg3 Qe8 44. Qf3 Qb5 45. Qe2 Qb1 46. Qc2 Qb7 47. Qc5 Kg8 48. Qd6 Qc8 49. Qe7 Bxf4 50. exf4 Qc3+ 51. Kg2 Qd2+ 52. Kg3 Qe1+ 53. Kg2 Qd2+ 54. Kg3 Qe1+ 55. Kg2 Qa5 56. Be2 Qb6 57. Qg5+ Kf8 58. Qh6+ Ke8 59. Bh5 Qb2+ 60. Kg3 Qc3+ 61. Kg2 Qb2+ 62. Kg3 Qa3+ 63. Bf3 Qxa2 64. Qxh7 Qa5 65. Qh8+ Kd7 66. Qh7 Qe1+ 67. Kg2 Ke8 68. Qh8+ Kd7 69. Qh7 Qd2+ 70. Kg3 Ke8 71. Qh8+ Kd7 72. Qh7 Qe1+ 73. Kg2 Qd2+ 74. Kg3 Ke7 75. Bh5 Qe3+ 76. Kg2 Qe4+ 77. Kg3 Qe3+ 78. Kg2 Qe4+ 79. Kg3 Qe1+ 80. Kg2 Qd2+ 81. Kg3 Qe3+ 82. Kg2 Qe4+ 83. Kg3 1/2-1/2

[Event "World Senior chT-65 2019"]
[Site "Rhodes"]
[Date "2019.04.16"]
[Round "1.45"]
[White "Page, Mark E"]
[Black "Maki, Christer"]
[Result "1-0"]
[ECO "B06"]
[WhiteElo "2107"]
[BlackElo "1885"]
[Annotator "NA"]
[PlyCount "99"]
[EventDate "2019.04.16"]
[EventType "team-tourn"]
[EventCountry "GRE"]
[SourceTitle "playchess.com"]
[Source "ChessBase"]
[SourceQuality "1"]
[WhiteTeam "England"]
[BlackTeam "Sweden"]
[WhiteTeamCountry "ENG"]
[BlackTeamCountry "SWE"]
[TimeControl "40/5400+30:1800+30"]

1. e4 g6 2. d4 Bg7 3. Nc3 d6 4. Nf3 Bg4 5. Be3 c6 6. Qd2 Bxf3 7. gxf3 Nd7 8. h4 h5 9. O-O-O Qa5 10. Kb1 O-O-O 11. f4 Kb8 12. f3 Bh6 13. Rg1 Ngf6 14. Bh3 Nb6 15. Ne2 Qxd2 16. Bxd2 e6 17. b3 Nbd7 18. Bc3 d5 19. e5 Ne8 20. Bb4 Rc8 21. Be7 Bf8 22. Bxf8 Rxf8 23. Kb2 Nc7 24. Rd2 b5 25. a4 bxa4 26. Ra1 Nb6 27. Nc3 axb3 28. cxb3 Kb7 29. Bf1 a6 30. Ra5 Nb5 31. Rd1 Ra8 32. Na2 f6 33. Nb4 fxe5 34. Rda1 Rxf4 35. Nxa6 Rxa6 36. Rxa6 Rxf3 37. Bxb5 cxb5 38. Ra7+ Kb8 39. Rg7 Rf2+ 40. Kc3 exd4+ 41. Kxd4 Nc8 42. Rc1 Nd6 43. Ke5 Nf5 44. Rh7 Re2+ 45. Kf6 Nd6 46. Ke7 Nf5+ 47. Kd8 Nd6 48. Kd7 Nb7 49. b4 d4 50. Ra1 1-0

[Event "World Senior chT-65 2019"]
[Site "Rhodes"]
[Date "2019.04.16"]
[Round "1.46"]
[White "Wihlborn, Bengt"]
[Black "James, Geoffrey H"]
[Result "0-1"]
[ECO "E19"]
[WhiteElo "1820"]
[BlackElo "2144"]
[Annotator "NA"]
[PlyCount "50"]
[EventDate "2019.04.16"]
[EventType "team-tourn"]
[EventCountry "GRE"]
[SourceTitle "playchess.com"]
[Source "ChessBase"]
[SourceQuality "1"]
[WhiteTeam "Sweden"]
[BlackTeam "England"]
[WhiteTeamCountry "SWE"]
[BlackTeamCountry "ENG"]
[TimeControl "40/5400+30:1800+30"]

1. Nf3 Nf6 2. c4 b6 3. g3 Bb7 4. Bg2 e6 5. O-O Be7 6. Nc3 O-O 7. d4 Ne4 8. Qc2 Nxc3 9. bxc3 f5 10. Ne5 Bxg2 11. Kxg2 d6 12. Nd3 Qd7 13. a4 Qc6+ 14. Kg1 Qxc4 15. a5 b5 16. Re1 Nc6 17. e4 Nxd4 18. Qd1 fxe4 19. cxd4 exd3 20. Qg4 Bf6 21. Bh6 Kh8 22. Rac1 Qxd4 23. Re4 Qd5 24. Rxc7 gxh6 25. Rxe6 d2 0-1

[Event "World Senior chT-65 2019"]
[Site "Rhodes"]
[Date "2019.04.16"]
[Round "1.47"]
[White "Bray, David"]
[Black "Dalling, Peter"]
[Result "1/2-1/2"]
[ECO "E11"]
[WhiteElo "2121"]
[BlackElo "1830"]
[Annotator "NA"]
[PlyCount "30"]
[EventDate "2019.04.16"]
[EventType "team-tourn"]
[EventCountry "GRE"]
[SourceTitle "playchess.com"]
[Source "ChessBase"]
[SourceQuality "1"]
[WhiteTeam "England"]
[BlackTeam "Sweden"]
[WhiteTeamCountry "ENG"]
[BlackTeamCountry "SWE"]
[TimeControl "40/5400+30:1800+30"]

1. Nf3 d5 2. d4 Nf6 3. c4 e6 4. g3 Bb4+ 5. Bd2 Bxd2+ 6. Nbxd2 O-O 7. Bg2 Nbd7 8. Qc2 b6 9. cxd5 exd5 10. Qc6 Ba6 11. Rc1 Re8 12. e3 Qe7 13. Qa4 Bd3 14. Qb3 Ba6 15. Qa4 Bd3 1/2-1/2

[Event "World Senior chT-65 2019"]
[Site "Rhodes"]
[Date "2019.04.16"]
[Round "1.48"]
[White "Palsson, Bertil"]
[Black "Stokes, Michael"]
[Result "0-1"]
[ECO "A34"]
[WhiteElo "1785"]
[BlackElo "2092"]
[Annotator "NA"]
[PlyCount "86"]
[EventDate "2019.04.16"]
[EventType "team-tourn"]
[EventCountry "GRE"]
[SourceTitle "playchess.com"]
[Source "ChessBase"]
[SourceQuality "1"]
[WhiteTeam "Sweden"]
[BlackTeam "England"]
[WhiteTeamCountry "SWE"]
[BlackTeamCountry "ENG"]
[TimeControl "40/5400+30:1800+30"]

1. c4 c5 2. Nf3 Nf6 3. Nc3 d5 4. cxd5 Nxd5 5. g3 Nc6 6. Bg2 Nc7 7. O-O e5 8. d3 Be7 9. b3 Be6 10. Bb2 f6 11. Rc1 O-O 12. Nd2 Nd5 13. Nce4 b6 14. Nc4 Qd7 15. Qd2 Rad8 16. Rfd1 Qe8 17. Nc3 Ncb4 18. Ba1 Nxc3 19. Bxc3 Nd5 20. Bb2 Qh5 21. Bf3 Qf7 22. Ne3 Bd6 23. Nxd5 Bxd5 24. Bxd5 Qxd5 25. Qc3 b5 26. Qa5 Qb7 27. Qd2 f5 28. Ba3 Qe7 29. Qe3 b4 30. Bb2 Rde8 31. Rc4 g5 32. Qf3 Rf6 33. h4 Qf7 34. hxg5 Rg6 35. Qh5 f4 36. g4 Qe7 37. f3 Rxg5 38. Qh4 h5 39. Kf2 hxg4 40. fxg4 Qg7 41. Rg1 Re6 42. Kf3 Rh6 43. Qf2 e4+ 0-1

[Event "World Senior chT-65 2019"]
[Site "Rhodes"]
[Date "2019.04.17"]
[Round "2.8"]
[White "Quinn, John M"]
[Black "Just, Joachim"]
[Result "1/2-1/2"]
[ECO "D10"]
[WhiteElo "2140"]
[BlackElo "1970"]
[Annotator "RC"]
[PlyCount "90"]
[EventDate "2019.04.16"]
[EventType "team-tourn"]
[EventCountry "GRE"]
[SourceTitle "playchess.com"]
[Source "ChessBase"]
[SourceQuality "1"]
[WhiteTeam "England"]
[BlackTeam "Germany"]
[WhiteTeamCountry "ENG"]
[BlackTeamCountry "GER"]
[TimeControl "40/5400+30:1800+30"]

1. d4 d5 2. c4 c6 3. Nf3 Nf6 4. e3 g6 5. Nc3 Bg4 6. cxd5 Nxd5 7. Be2 Bg7 8. O-O e6 9. e4 Nb6 10. Bg5 Qd7 11. e5 h6 12. Be3 O-O 13. Ne4 Bxf3 14. Bxf3 Qe7 15. Qb3 N8d7 16. Rac1 Rab8 17. Bd2 Nd5 18. Rfe1 Rfd8 19. a4 N7b6 20. a5 Na8 21. Nc5 Qc7 22. Qd3 Qe7 23. Qe4 Nac7 24. Rc2 a6 25. Be2 Nb5 26. Bc4 Ndc7 27. Bc3 Nd5 28. f4 Qc7 29. Bxb5 cxb5 30. Bd2 Qe7 31. Rec1 Bf8 32. Qf3 Qh4 33. Ne4 Be7 34. g3 Qh3 35. Nf2 Qh5 36. g4 Qh4 37. Nd3 h5 38. h3 hxg4 39. hxg4 Qh7 40. Kg2 Qg7 41. g5 Qf8 42. Nf2 Rbc8 43. Ne4 Rxc2 44. Rxc2 Bb4 45. Kh1 Kg7 1/2-1/2

[Event "World Senior chT-65 2019"]
[Site "Rhodes"]
[Date "2019.04.17"]
[Round "2.15"]
[White "Titz, Heimo"]
[Black "Hurme, Harri"]
[Result "0-1"]
[ECO "B37"]
[WhiteElo "2096"]
[BlackElo "2148"]
[Annotator "NA RC"]
[PlyCount "50"]
[EventDate "2019.04.16"]
[EventType "team-tourn"]
[EventCountry "GRE"]
[SourceTitle "playchess.com"]
[Source "ChessBase"]
[SourceQuality "1"]
[WhiteTeam "Austria"]
[BlackTeam "Finland"]
[WhiteTeamCountry "AUT"]
[BlackTeamCountry "FIN"]
[TimeControl "40/5400+30:1800+30"]

1. c4 g6 2. Nc3 c5 3. Nf3 Bg7 4. d4 cxd4 5. Nxd4 Nc6 6. Nc2 d6 7. e4 Bxc3+ 8. bxc3 Nf6 9. f3 O-O 10. Be2 Be6 11. Ne3 Rc8 12. Rb1 b6 13. Bd2 Na5 14. Rb4 Nd7 15. f4 f6 16. O-O Nc5 17. Qc2 Kh8 18. f5 Bf7 19. fxg6 hxg6 20. Bg4 e6 21. Be2 Nc6 22. Rbb1 Ne5 23. Ng4 Nxg4 24. Bxg4 Kg7 25. Be3 Nd7 0-1

[Event "World Senior chT-65 2019"]
[Site "Rhodes"]
[Date "2019.04.17"]
[Round "2.23"]
[White "Shushpanov, Vladimir"]
[Black "Johnsen, Oystein"]
[Result "0-1"]
[ECO "D30"]
[WhiteElo "2180"]
[BlackElo "1986"]
[Annotator "NA RC"]
[PlyCount "93"]
[EventDate "2019.04.16"]
[EventType "team-tourn"]
[EventCountry "GRE"]
[SourceTitle "playchess.com"]
[Source "ChessBase"]
[SourceQuality "1"]
[WhiteTeam "Russia"]
[BlackTeam "Norway"]
[WhiteTeamCountry "RUS"]
[BlackTeamCountry "NOR"]
[TimeControl "40/5400+30:1800+30"]

1. d4 d5 2. Nf3 Nf6 3. c4 c6 4. Qc2 e6 5. Bg5 Be7 6. e3 h6 7. Bh4 Ne4 8. Bxe7 Qxe7 9. Bd3 Nf6 10. Nc3 O-O 11. O-O Nbd7 12. Rfd1 Rd8 13. a3 a5 14. h3 e5 15. cxd5 cxd5 16. dxe5 Nxe5 17. Be2 Nxf3+ 18. Bxf3 Be6 19. Rd4 Rd7 20. Rad1 Rad8 21. Qa4 b6 22. R1d3 Bf5 23. Rd2 Be6 24. Qb5 Qc5 25. Qb3 Kf8 26. Na4 Qc1+ 27. Rd1 Qc6 28. Qxb6 Qxb6 29. Nxb6 Rb7 30. Nxd5 Nxd5 31. Bxd5 Rxb2 32. Bxe6 Rxd4 33. Rxd4 fxe6 34. Rd8+ Ke7 35. Ra8 Rb1+ 36. Kh2 Rb5 37. Ra6 h5 38. h4 Kf6 39. Kg3 g6 40. a4 Rc5 41. f4 Rd5 42. Kf3 Rc5 43. g4 Ke7 44. g5 Kf7 45. Ra7+ Kf8 46. Ke4 Rd5 47. Rc7 0-1

[Event "World Senior chT-65 2019"]
[Site "Rhodes"]
[Date "2019.04.17"]
[Round "2.31"]
[White "Grahn, Lars"]
[Black "Staechelin, Ruedi"]
[Result "1/2-1/2"]
[ECO "D12"]
[WhiteElo "1985"]
[BlackElo "2053"]
[Annotator "NA RC"]
[PlyCount "116"]
[EventDate "2019.04.16"]
[EventType "team-tourn"]
[EventCountry "GRE"]
[SourceTitle "playchess.com"]
[Source "ChessBase"]
[SourceQuality "1"]
[WhiteTeam "Sweden"]
[BlackTeam "Switzerland"]
[WhiteTeamCountry "SWE"]
[BlackTeamCountry "SUI"]
[TimeControl "40/5400+30:1800+30"]

1. d4 d5 2. Nf3 Nf6 3. e3 c6 4. c4 Bf5 5. Nc3 e6 6. Nh4 Bg4 7. Qb3 b6 {[%emt 0:02:32] D12: Slav Defence: 3 Nf3 Nf6 4 e3 Bf5} (7... Qc7 8. Bd2 Bh5 9. Rc1 dxc4 10. Bxc4 Be7 11. h3 Qb6 12. g3 Nbd7 13. O-O Nd5 14. Ng2 Bg6 15. f3 O-O {½-½ (48) Aronian,L (2781)-Vallejo Pons,F (2705) Linares 2010}) 8. Be2 $146 ({You set blue moves yourself with the critical opening position annotation.:} 8. h3 Bh5 9. g4 Bg6 10. g5 Ng8 11. Nxg6 hxg6 12. cxd5 exd5 13. e4 Rh4 14. Be3 Bd6 15. exd5 {1-0 (41) Laznicka,V (2617)-Starostits,I (2482) Benasque 2009}) 8... Bxe2 9. Nxe2 Nbd7 10. Nf3 Bd6 11. Ng3 O-O 12. O-O Rc8 13. cxd5 cxd5 14. Bd2 Rc4 15. Qd3 Qc7 16. Rac1 Rc8 17. b3 Rxc1 18. Rxc1 Qb7 19. Rxc8+ Qxc8 20. Qc3 Qxc3 21. Bxc3 Ng4 22. Ne2 h6 23. Nc1 Nb8 24. Nd3 Nc6 25. h3 Nf6 26. Kf1 Ne4 27. Be1 f6 28. Ke2 Kf7 29. Ng1 f5 30. f4 g5 31. Nf3 Kg6 32. Nfe5+ Bxe5 33. Nxe5+ Nxe5 34. dxe5 g4 35. Kf1 h5 36. h4 Nc5 37. Ke2 Kf7 38. Kd2 Ke8 39. Kc2 Kd7 40. Bb4 Nb7 41. Be1 Kc6 42. Kd3 a5 43. Bd2 b5 44. Kd4 b4 45. Kd3 Kb5 46. Kc2 a4 47. Be1 Nc5 48. Bd2 axb3+ 49. axb3 Na6 50. Kd3 Nb8 51. Be1 Nc6 52. Bf2 Na5 53. Kc2 Nc6 54. Kd3 Nb8 55. Kc2 Nd7 56. Kd3 Nc5+ $11 57. Kc2 Ne4 58. Be1 Nc5 1/2-1/2

[Event "World Senior chT-65 2019"]
[Site "Rhodes"]
[Date "2019.04.17"]
[Round "2.32"]
[White "Illi, Hans-Joerg"]
[Black "Svensson, Soren"]
[Result "1-0"]
[ECO "D02"]
[WhiteElo "2002"]
[BlackElo "1964"]
[Annotator "NA RC"]
[PlyCount "61"]
[EventDate "2019.04.16"]
[EventType "team-tourn"]
[EventCountry "GRE"]
[SourceTitle "playchess.com"]
[Source "ChessBase"]
[SourceQuality "1"]
[WhiteTeam "Switzerland"]
[BlackTeam "Sweden"]
[WhiteTeamCountry "SUI"]
[BlackTeamCountry "SWE"]
[TimeControl "40/5400+30:1800+30"]

1. d4 d5 2. Nf3 e6 3. c3 Nf6 4. Bg5 Be7 5. Nbd2 h6 6. Bh4 O-O 7. Ne5 c5 8. e3 Nbd7 9. f4 Nxe5 10. fxe5 Nd7 11. Bxe7 Qxe7 12. Bd3 b6 13. O-O Bb7 14. Bb5 a6 15. Bxd7 Qxd7 16. Qg4 Qe7 17. Rf4 a5 18. Raf1 Ba6 19. R1f2 Bd3 20. h4 b5 21. e4 dxe4 22. Nxe4 Bxe4 23. Rxe4 Rad8 24. a3 cxd4 25. cxd4 Rc8 26. Ref4 Rc1+ 27. Kh2 Qc7 28. Rf6 Rc2 29. R2f3 Kh8 30. Rg3 Rg8 31. Rxh6+ 1-0

[Event "World Senior chT-65 2019"]
[Site "Rhodes"]
[Date "2019.04.17"]
[Round "2.34"]
[White "Ranki, Martti"]
[Black "Holst, Per"]
[Result "0-1"]
[ECO "E50"]
[WhiteElo "1940"]
[BlackElo "2150"]
[Annotator "NA RC"]
[PlyCount "52"]
[EventDate "2019.04.16"]
[EventType "team-tourn"]
[EventCountry "GRE"]
[SourceTitle "playchess.com"]
[Source "ChessBase"]
[SourceQuality "1"]
[WhiteTeam "Finland"]
[BlackTeam "Denmark"]
[WhiteTeamCountry "FIN"]
[BlackTeamCountry "DEN"]
[TimeControl "40/5400+30:1800+30"]

1. d4 e6 2. c4 Nf6 3. Nc3 Bb4 4. Qc2 c5 5. e3 O-O 6. Nf3 b6 7. Be2 Bb7 8. O-O cxd4 9. exd4 d5 10. b3 Nc6 11. Rd1 Rc8 12. Bg5 Be7 13. Qb2 Ne4 14. Be3 Nxc3 15. Qxc3 Bb4 16. Qb2 Qe7 17. a3 Bd6 18. h3 dxc4 19. bxc4 Na5 20. Nd2 Qf6 21. Rac1 Qg6 22. Bf1 f5 23. c5 Bb8 24. Nc4 Nxc4 25. Rxc4 f4 26. Bc1 Bxg2 0-1